Map: Dragon Scales LE

Players

MattBarry - Winner!

  • Race: Zerg Zerg
  • League: Gold
  • Spawn Location: 11:00

Boom

  • Race: Protoss Protoss
  • League: Gold
  • Spawn Location: 5:00

VOD

Have the link to the VOD?

Description

Time

  • Played on: Jan. 29, 2023, 11:54 p.m.
  • Length: 10:06
Show
View Real Time Build Order
Export as new Build Order

MattBarry Zerg - Winner!

Build Orders: Hatch First, Roach Hydra 

Get SALT Encoding   

  12  0:00  Drone  
  13  0:12  Overlord  
  13  0:19  Drone  
  14  0:30  Drone x2  
  16  0:51  Hatchery  
  16  0:55  Drone  
  16  0:56  Drone  
  17  1:00  Drone  
  18  1:04  Extractor  
  17  1:16  Spawning Pool  
  16  1:19  Drone  
  16  1:22  Drone  
  18  1:30  Drone  
  19  1:38  Overlord  
  19  2:05  Zergling x4  
  19  2:06  Queen  
  19  2:07  Queen  
  25  2:08  Metabolic Boost  
  25  2:19  Drone x2  
  27  2:34  Drone  
  27  2:35  Drone  
  29  2:39  Evolution Chamber  
  29  2:42  Queen  
  30  2:57  Drone x4  
  30  2:58  Overlord  
  32  3:40  Drone x5  
  32  3:41  Drone x4  
  41  3:45  Zerg Melee Weapons Level 1, Roach Warren  
  40  3:49  Evolution Chamber  
  40  3:51  Lair  
  40  3:53  Extractor  
  40  3:55  Drone  
  39  3:56  Drone x2  
  39  3:57  Drone x3  
  39  4:00  Overlord  
  44  4:04  Overlord  
  44  4:20  Zerg Missile Weapons Level 1  
  44  4:26  Roach x2  
  44  4:31  Zergling x2  
  49  4:46  Hatchery  
  49  4:52  Drone x3  
  53  4:53  Roach x3  
  53  4:57  Glial Reconstitution  
  57  5:00  Extractor  
  57  5:02  Extractor  
  57  5:05  Drone  
  57  5:06  Roach, Drone x2  
  57  5:07  Overlord x3  
  60  5:18  Spore Crawler  
  59  5:21  Spore Crawler  
  59  5:28  Drone x3  
  61  5:32  Overseer  
  61  5:33  Pneumatized Carapace  
  61  5:37  Zergling x6  
  61  5:38  Zergling x4  
  66  6:03  Queen  
  68  6:17  Hydralisk Den  
  68  6:18  Hydralisk Den, Overlord  
  67  6:19  Roach x3  
  67  6:20  Roach x4  
  79  6:29  Zerg Missile Weapons Level 2  
  79  6:39  Zerg Melee Weapons Level 2  
  79  6:47  Evolution Chamber  
  79  6:48  Grooved Spines  
  79  6:50  Muscular Augments  
  79  6:52  Drone  
  79  6:53  Drone x5  
  84  6:55  Zergling x10  
  89  7:04  Hydralisk x3  
  93  7:16  Hydralisk x2  
  93  7:18  Overlord  
  97  7:24  Overlord  
  97  7:42  Hydralisk  
  97  7:43  Hydralisk x3  
  105  7:46  Overlord x3  
  105  8:05  Hydralisk x7  
  119  8:14  Overlord x4  
  114  8:31  Zergling x18  
  123  9:05  Infestation Pit  
  123  9:09  Zergling x10  
  131  9:10  Zergling x24  
  134  9:27  Hydralisk  
  134  9:28  Hydralisk x6  
  131  9:41  Zergling x2  
  131  9:42  Zergling x14  
Show
View Real Time Build Order
Export as new Build Order

Boom Protoss 

Build Orders: 1 Gate Expand, Chargelot Immortal 

Get SALT Encoding   

  12  0:09  Probe  
  13  0:22  Pylon, Probe  
  13  0:27  Assimilator  
  14  0:34  Probe  
  15  0:47  Gateway  
  16  0:50  Probe  
  16  1:02  Probe  
  17  1:14  Probe  
  18  1:25  Gateway  
  18  1:42  Probe  
  18  1:44  Nexus  
  19  1:48  Pylon  
  19  2:03  Probe  
  19  2:14  Cybernetics Core  
  19  2:18  Zealot  
  21  2:23  Probe  
  21  2:26  Pylon  
  22  2:35  Probe  
  23  2:47  Forge, Probe  
  24  2:56  Probe  
  25  2:59  Probe  
  26  3:06  Robotics Facility  
  26  3:17  Zealot x2  
  27  3:25  Warp Gate (Chrono Boost)  
  28  3:34  Probe x2  
  29  3:44  Assimilator  
  29  3:46  Probe x2  
  31  3:49  Pylon  
  31  3:55  Immortal  
  35  3:58  Probe x2  
  35  4:02  Stalker  
  39  4:04  Zealot  
  41  4:16  Protoss Ground Weapons Level 1 (Chrono Boost)  
  41  4:30  Shield Battery  
  41  4:31  Shield Battery  
  41  4:32  Photon Cannon  
  41  4:37  Probe x2  
  43  4:49  Probe x2  
  43  4:50  Assimilator  
  43  4:52  Assimilator  
  47  5:04  Probe x2  
  49  5:14  Zealot  
  51  5:16  Immortal (Chrono Boost), Probe x2  
  55  5:28  Pylon  
  55  5:30  Probe  
  55  5:31  Probe  
  57  5:38  Stalker  
  57  5:41  Zealot  
  61  5:43  Probe  
  61  5:46  Probe  
  63  5:58  Nexus  
  63  6:03  Protoss Ground Armor Level 1 (Chrono Boost)  
  63  6:10  Photon Cannon  
  62  6:15  Stalker x2  
  66  6:31  Observer  
  67  6:38  Twilight Council  
  67  6:44  Gateway  
  67  6:45  Gateway  
  67  6:46  Gateway  
  67  6:51  Pylon  
  67  6:52  Pylon  
  67  7:04  Pylon  
  67  7:07  Pylon  
  67  7:13  Stalker  
  67  7:14  Stalker  
  71  7:30  Nexus  
  71  7:32  Probe  
  71  7:33  Probe x2  
  74  7:40  Photon Cannon  
  74  7:44  Probe  
  74  7:45  Probe x2  
  74  7:50  Zealot x3  
  83  7:53  Charge  
  83  7:57  Probe  
  84  8:00  Probe  
  84  8:01  Probe  
  84  8:02  Protoss Shields Level 1 (Chrono Boost)  
  86  8:09  Probe  
  77  8:31  Zealot  
  77  8:32  Immortal (Chrono Boost), Zealot x4  
  81  8:54  Zealot x4  
  81  8:55  Zealot  
  90  9:04  Immortal (Chrono Boost)  
  90  9:08  Shield Battery  
  90  9:09  Zealot x4, Shield Battery  
  102  9:11  Shield Battery  
  98  9:24  Zealot  
  98  9:25  Pylon  
  98  9:29  Pylon  
  66  9:35  Zealot  
  66  9:36  Zealot x3  
  61  9:45  Zealot  
  60  9:57  Zealot x3  
  60  9:58  Zealot  
Tags
 
Add a new tag
Caveats
  • Supply blocks, unpowered buildings, or Contaminate may cause inaccurate times.
  • Supply counts are checked every 10 seconds.